Map: Dusk Towers

Players

Dio - Winner!

  • Race: Zerg Zerg
  • League: Gold

blackxored

  • Race: Zerg Zerg
  • League: Diamond

VOD

Have the link to the VOD?

Description

Time

  • Played on: July 3, 2016, 6:25 p.m.
  • Length: 12:45
Show
View Real Time Build Order
Export as new Build Order

Dio Zerg - Winner!

Build Orders: Hatch First, Lurkers 

Get SALT Encoding   

  12  0:02  Drone  
  13  0:09  Drone  
  14  0:19  Overlord  
  14  0:45  Drone, Hatchery  
  14  0:53  Drone  
  15  1:07  Spawning Pool  
  15  1:08  Extractor  
  14  1:11  Drone  
  14  1:15  Drone  
  15  1:21  Drone  
  16  1:26  Drone  
  17  1:35  Drone  
  18  1:44  Overlord  
  18  1:55  Queen  
  18  1:57  Zergling x2  
  21  2:03  Queen  
  21  2:07  Drone  
  24  2:20  Roach Warren  
  23  2:23  Drone  
  24  2:30  Metabolic Boost  
  24  2:36  Drone x2  
  26  2:39  Zergling x2  
  27  2:47  Drone  
  27  2:48  Extractor, Drone  
  28  2:54  Overlord  
  28  3:10  Roach x3  
  34  3:15  Roach  
  36  3:22  Roach x2  
  36  3:24  Drone  
  41  3:29  Overlord  
  40  3:42  Drone x2  
  42  3:51  Ravager x2  
  42  3:53  Roach  
  42  3:55  Roach  
  48  3:59  Drone x2  
  48  4:01  Drone  
  51  4:09  Overlord  
  51  4:25  Drone, Hatchery  
  51  4:30  Drone  
  52  4:34  Lair  
  52  4:37  Roach  
  54  4:57  Zergling x2, Roach x2  
  59  5:03  Overlord x2  
  59  5:11  Evolution Chamber  
  59  5:13  Extractor  
  57  5:14  Extractor  
  56  5:23  Drone  
  56  5:24  Drone x5  
  62  5:34  Hydralisk Den  
  62  5:35  Drone x2  
  63  5:40  Drone x3  
  66  5:44  Drone x3  
  69  5:50  Queen  
  71  6:01  Pneumatized Carapace  
  71  6:04  Zerg Missile Weapons Level 1  
  71  6:07  Drone  
  71  6:10  Drone, Evolution Chamber  
  72  6:13  Drone x2  
  72  6:15  Drone  
  75  6:26  Hydralisk x3  
  81  6:34  Overlord x2  
  81  6:43  Zerg Ground Armor Level 1  
  81  6:54  Hydralisk x4  
  81  7:01  Ravager  
  90  7:03  Roach  
  90  7:04  Roach x2  
  90  7:06  Overlord  
  96  7:11  Lurker Den  
  96  7:15  Drone x2  
  98  7:23  Overlord x2  
  98  7:30  Overseer  
  98  7:33  Overlord  
  98  7:34  Overlord  
  98  7:45  Hydralisk x2, Roach x2  
  98  7:46  Roach x2  
  98  7:51  Drone x4  
  113  7:55  Drone  
  113  7:56  Drone x2  
  117  8:00  Drone x2  
  117  8:05  Zerg Missile Weapons Level 2  
  119  8:27  Hydralisk x4, Roach x5  
  137  8:40  Lurker  
  138  8:43  Overlord x2  
  138  8:48  Hatchery  
  137  8:52  Lurker  
  98  9:19  Roach x11  
  98  9:20  Roach x3  
  110  9:28  Roach x3  
  110  9:29  Roach x2  
  98  9:42  Hydralisk  
  98  9:43  Hydralisk x3  
  106  9:47  Queen  
  108  10:00  Glial Reconstitution  
  108  10:04  Zergling x2  
  108  10:05  Zergling x18  
  108  10:06  Hydralisk x2  
  108  10:07  Hydralisk  
  124  10:17  Lurker  
  124  10:33  Lurker  
  124  10:34  Hydralisk x5, Lurker x2  
  124  10:35  Hydralisk  
  139  10:39  Overlord x2  
  138  10:59  Hydralisk x2  
  138  11:00  Hydralisk x3  
  138  11:01  Roach  
  150  11:10  Extractor  
  149  11:12  Extractor  
  145  11:25  Hatchery  
  135  11:36  Roach x5  
  135  11:37  Roach x10  
  163  12:00  Roach x2  
  163  12:01  Roach  
  169  12:03  Overlord x3  
Show
View Real Time Build Order
Export as new Build Order

blackxored Zerg 

Build Orders: Hatch First 

Get SALT Encoding   

  12  0:02  Drone  
  13  0:11  Drone  
  14  0:19  Overlord  
  14  0:26  Extractor, Drone  
  15  0:38  Drone  
  15  0:39  Drone  
  17  0:58  Hatchery  
  17  1:03  Drone x2  
  18  1:17  Extractor  
  18  1:18  Spawning Pool  
  16  1:27  Drone x2  
  18  1:34  Drone  
  19  1:47  Overlord  
  19  1:51  Drone  
  20  2:05  Queen  
  20  2:06  Zergling x2  
  23  2:09  Queen  
  23  2:10  Zergling x2  
  23  2:14  Zergling x2  
  27  2:22  Metabolic Boost  
  27  2:25  Drone x2  
  29  2:38  Drone x2  
  31  2:45  Baneling Nest  
  31  2:46  Drone x2  
  32  2:53  Drone  
  32  2:54  Overlord  
  32  3:18  Drone x7  
  40  3:27  Drone  
  40  3:29  Overlord  
  40  3:36  Hatchery  
  40  3:37  Zergling x4  
  41  3:54  Lair  
  41  3:55  Drone  
  41  3:56  Drone  
  43  4:09  Drone  
  44  4:10  Roach Warren  
  44  4:15  Drone x2  
  44  4:16  Extractor, Drone x5  
  49  4:17  Extractor  
  49  4:20  Drone  
  49  4:25  Drone  
  49  4:26  Extractor, Drone x2  
  49  4:27  Drone  
  52  4:37  Overlord  
  52  4:50  Overlord  
  52  4:52  Glial Reconstitution  
  52  4:54  Roach x3  
  52  4:55  Evolution Chamber  
  52  4:58  Overlord x2  
  57  5:08  Queen  
  59  5:14  Roach x3  
  59  5:15  Overlord  
  65  5:24  Roach x7  
  78  5:31  Roach  
  78  5:32  Overlord x2  
  80  5:38  Spine Crawler  
  80  5:39  Drone  
  80  5:41  Drone  
  80  5:42  Spine Crawler  
  80  5:46  Roach  
  82  5:53  Roach x3  
  82  5:55  Roach  
  90  5:57  Roach  
  90  6:00  Roach  
  90  6:03  Overseer  
  94  6:09  Roach  
  94  6:10  Roach x2  
  100  6:14  Roach  
  100  6:15  Roach  
  104  6:29  Overlord  
  104  6:30  Overlord  
  104  6:31  Overlord x2  
  104  6:43  Zerg Missile Weapons Level 1  
  104  6:45  Drone  
  104  6:47  Overlord  
  105  6:49  Drone x7  
  112  6:59  Drone x4  
  116  7:07  Roach x2  
  116  7:08  Roach  
  122  7:11  Ravager x9  
  122  7:12  Ravager  
  122  7:13  Ravager  
  133  7:17  Overlord  
  134  7:22  Zergling x2  
  134  7:23  Zergling x8  
  134  7:24  Zergling x2  
  134  7:25  Zergling x2  
  134  7:26  Zergling x2  
  134  7:27  Zergling x2  
  142  7:34  Roach  
  142  7:36  Overlord x2  
  144  7:45  Roach x4  
  144  7:46  Overlord  
  144  7:47  Overlord  
  152  7:53  Spire, Drone  
  152  7:57  Roach x2  
  156  8:02  Ravager x2  
  158  8:08  Roach x3  
  158  8:10  Overlord  
  164  8:20  Roach x5  
  164  8:21  Roach  
  176  8:37  Zerg Ground Armor Level 1  
  176  8:40  Drone x2  
  176  8:41  Drone x3  
  181  8:49  Baneling x6  
  181  8:51  Baneling  
  181  8:54  Baneling  
  181  8:55  Baneling  
  174  9:06  Hatchery  
  143  9:11  Roach x6  
  133  9:19  Roach  
  133  9:20  Roach x3  
  115  9:24  Roach  
  115  9:25  Roach  
  115  9:29  Zergling x22  
  110  9:42  Overseer x2  
  108  9:51  Evolution Chamber  
  107  9:55  Roach x6  
  119  10:01  Overseer x2  
  119  10:06  Roach x3  
  125  10:18  Roach x3  
  125  10:19  Roach x3  
  137  10:48  Ravager x2  
  139  10:56  Extractor, Drone x2  
  140  10:57  Extractor, Drone x2  
  140  10:58  Drone x4  
  140  11:03  Drone x3  
  147  11:05  Drone  
  147  11:06  Extractor, Drone x5  
  147  11:07  Extractor  
  147  11:10  Drone x2  
  153  11:12  Roach x6  
  120  11:33  Mutalisk x4  
  120  11:37  Mutalisk  
  105  11:46  Mutalisk x2  
  94  11:55  Mutalisk  
  94  11:57  Overseer  
  92  12:04  Mutalisk  
  92  12:07  Zergling x12  
  92  12:08  Zergling x4  
  102  12:13  Mutalisk  
  104  12:16  Roach x2  
  104  12:20  Ravager  
  104  12:21  Ravager  
Tags
 
Add a new tag
Caveats
  • Supply blocks, unpowered buildings, or Contaminate may cause inaccurate times.
  • Supply counts are checked every 10 seconds.